[Event "*** Titled Tuesday Blitz"]
[Site "Chess.com"]
[Date "2020.02.04"]
[Round "1"]
[White "killer311"]
[Black "ilya261991"]
[Result "1-0"]
[WhiteElo "2262"]
[BlackElo "2562"]
[TimeControl "180+2"]
[EndTime "13:02:44 PST"]
[Termination "killer311 won by resignation"]

1. d4 Nf6 2. Nf3 e6 3. e3 d5 4. c4 c6 5. b3 Bd6 6. Bb2 O-O 7. Nbd2 Nbd7 8. Bd3 Re8 9. Ne5 Nf8 10. O-O Ng6 11.
f4 Nd7 12. Ndf3 Ndxe5 13. Nxe5 Nxe5 14. fxe5 Bf8 15. Bxh7+ Kxh7 16. Qh5+ Kg8 17. Qxf7+ Kh7 18.
Rf3 1-0

[Event "*** Titled Tuesday Blitz"]
[Site "Chess.com"]
[Date "2020.02.04"]
[Round "1"]
[White "Sjakkerntobi"]
[Black "Volodar_Murzin"]
[Result "0-1"]
[WhiteElo "2269"]
[BlackElo "2614"]
[TimeControl "180+2"]
[EndTime "13:03:10 PST"]
[Termination "Volodar_Murzin won by resignation"]

1. e4 c6 2. Nc3 d5 3. Nf3 Bg4 4.
h3 Bxf3 5. Qxf3 Nf6 6. d4 dxe4 7.
Qe3 Nbd7 8. Nxe4 Nxe4 9. Qxe4 Nf6 10. Qd3 e5 11. dxe5 Qa5+ 12. Bd2 Qxe5+ 13. Be2 Rd8 14.
Qc3 Qe6 15. O-O Ne4 16. Qe3 Nxd2 0-1

[Event "*** Titled Tuesday Blitz"]
[Site "Chess.com"]
[Date "2020.02.04"]
[Round "1"]
[White "korbul"]
[Black "Irishchessman16"]
[Result "0-1"]
[WhiteElo "2573"]
[BlackElo "2258"]
[TimeControl "180+2"]
[EndTime "13:03:32 PST"]
[Termination "Irishchessman16 won by resignation"]

1. d4 Nf6 2. Nf3 e6 3. c4 b6 4. g3 Ba6 5. Nbd2 d5 6. cxd5 exd5 7. Bg2 Bd6 8. O-O O-O 9. Ne5 Bb7 10. Ndf3 Ne4 11. Bf4 g5 12. Be3 f6 13. Nd3 c5 14. dxc5 bxc5 15. Nd2 Qe7 16. Nxe4 dxe4 17. Nxc5 Bxc5 18. Qb3+ Rf7 19. Bxc5 Qxc5 20. Rac1 Qe7 21. Bh3 Kg7 22. Rc5 Qxc5 0-1

[Event "*** Titled Tuesday Blitz"]
[Site "Chess.com"]
[Date "2020.02.04"]
[Round "1"]
[White "tteshan"]
[Black "francyIM"]
[Result "0-1"]
[WhiteElo "2253"]
[BlackElo "2610"]
[TimeControl "180+2"]
[EndTime "13:03:35 PST"]
[Termination "francyIM won by resignation"]

1. e4 e5 2. Nf3 Nc6 3. d4 exd4 4. Nxd4 Nf6 5. Nxc6 bxc6 6. Bd3 d5 7. Nd2 Bd6 8.
O-O O-O 9. f3 Re8 10. b3 Be5 11. Rb1 Qd6 12. g3 Bh3 13. f4 Bd4+ 14. Kh1 dxe4 15. Bc4 Ng4 16. Qe2 e3 17. Nf3 Nf2+ 18. Rxf2 exf2 19. Qd1 Bg4 20. Be2 Bxf3+ 21. Bxf3 Re1+ 0-1

[Event "*** Titled Tuesday Blitz"]
[Site "Chess.com"]
[Date "2020.02.04"]
[Round "1"]
[White "Stormeman100100"]
[Black "esteban062000"]
[Result "0-1"]
[WhiteElo "2511"]
[BlackElo "2076"]
[TimeControl "180+2"]
[EndTime "13:03:42 PST"]
[Termination "esteban062000 won by checkmate"]

1. e4 c5 2. Nf3 g6 3. d4 cxd4 4. Nxd4 Nc6 5. Nc3 Bg7 6. Nxc6 bxc6 7. Bd3 Nf6 8. O-O O-O 9. Re1 d5 10. e5 Ne8 11. f4 a5 12. Be3 Ba6 13. Bc5 Nc7 14.
Ne2 Ne6 15. Ba3 Qb6+ 16. Kh1 Bxd3 17. Qxd3 Rfe8 18. c4 Rad8 19. cxd5 Rxd5 20. Qe4 Nc5 21. Qc4 Nd3 22. Rf1 Nf2+ 23. Rxf2 Qxf2 24. Qxc6 Red8 25.
Nc3 Rd2 26. Bxe7 Rd1+ 27. Rxd1 Rxd1+ 28. Nxd1 Qe1# 0-1

[Event "*** Titled Tuesday Blitz"]
[Site "Chess.com"]
[Date "2020.02.04"]
[Round "1"]
[White "comsac"]
[Black "kleinebeer98"]
[Result "0-1"]
[WhiteElo "2353"]
[BlackElo "2681"]
[TimeControl "180+2"]
[EndTime "13:04:06 PST"]
[Termination "kleinebeer98 won by resignation"]

1. e4 e5 2. Nf3 Nc6 3. Bc4 Nf6 4. d3 h6 5. c3 d6 6. Bb3 g5 7. Be3 g4 8. Ng1 h5 9. Nd2 d5 10. Bg5 Bh6 11. Bxf6 Qxf6 12. Bxd5 Ne7 13. Bb3 Ng6 14. g3 h4 15. Qe2 a5 16. O-O-O a4 17.
Bc2 a3 18. b3 Qc6 19. c4 Qc5 20. f4 Qd4 21. Rf1 exf4 22. gxf4 Nxf4 23. Qf2 Qa1+ 24. Nb1 Nxd3+ 0-1

[Event "*** Titled Tuesday Blitz"]
[Site "Chess.com"]
[Date "2020.02.04"]
[Round "1"]
[White "VladimirBelous"]
[Black "WeAintSurePal"]
[Result "1-0"]
[WhiteElo "2743"]
[BlackElo "2403"]
[TimeControl "180+2"]
[EndTime "13:04:14 PST"]
[Termination "VladimirBelous won by resignation"]

1. c4 e6 2. Nf3 Nf6 3. g3 d5 4. Bg2 dxc4 5. Qa4+ Bd7 6. Qxc4 Bc6 7. O-O Be7 8. Nc3 O-O 9. e4 b5 10. Qe2 b4 11. e5 Nfd7 12. Ne4 Nc5 13. Nxc5 Bxc5 14. d4 Be7 15. Be3 Bd5 16. Rfc1 Nd7 17. Nd2 Nb6 18.
Ne4 Qc8 19. Qg4 Nd7 20. Bh6 g6 21. Bxf8 Bxf8 22. Nd6 Bxd6 23. Bxd5 c6 1-0

[Event "*** Titled Tuesday Blitz"]
[Site "Chess.com"]
[Date "2020.02.04"]
[Round "1"]
[White "Jahonas"]
[Black "MikaelyanArman"]
[Result "0-1"]
[WhiteElo "2398"]
[BlackElo "2744"]
[TimeControl "180+2"]
[EndTime "13:04:21 PST"]
[Termination "MikaelyanArman won by resignation"]

1. d4 Nf6 2. c4 g6 3. Nf3 Bg7 4. g3 O-O 5. Bg2 c5 6. O-O cxd4 7.
Nxd4 Nc6 8. Nxc6 dxc6 9. Nc3 Qxd1 10. Rxd1 Be6 11. b3 Nd7 12. Bb2 Rfd8 13. Rd2 Kf8 14.
Rad1 Ke8 15. h3 Nc5 16. Rxd8+ Rxd8 17. Rxd8+ Kxd8 18. Ba3 Nxb3 19. Nd5 Nd4 20. Bxe7+ Kd7 21. Bf6 Bxf6 22. Nxf6+ Ke7 23. Nxh7 Nxe2+ 24. Kh2 Bxc4 0-1

[Event "*** Titled Tuesday Blitz"]
[Site "Chess.com"]
[Date "2020.02.04"]
[Round "1"]
[White "x-3738459472"]
[Black "Saitama_Hero"]
[Result "1-0"]
[WhiteElo "2614"]
[BlackElo "2268"]
[TimeControl "180+2"]
[EndTime "13:04:21 PST"]
[Termination "x-3738459472 won by resignation"]

1. d4 Nf6 2. Bf4 c5 3. e3 cxd4 4. exd4 g6 5. Nc3 Bg7 6. Qd2 O-O 7. Bh6 Bxh6 8. Qxh6 Qb6 9. O-O-O Nc6 10. Nf3 d5 11.
Ng5 e6 12. h4 Nxd4 13. Bd3 Qd6 14. g3 Rd8 15. Bxg6 fxg6 16. Rxd4 Qe7 17. Rf4 Qg7 18. Qxg7+ Kxg7 19. Re1 Re8 20. Rxf6 Kxf6 21. Nxd5+ Kg7 22.
Nc7 Re7 23. Nxa8 b6 24. f4 Bb7 25. Nxb6 axb6 26. Rxe6 1-0

[Event "*** Titled Tuesday Blitz"]
[Site "Chess.com"]
[Date "2020.02.04"]
[Round "1"]
[White "chessasuke"]
[Black "dawtonlms"]
[Result "1-0"]
[WhiteElo "2671"]
[BlackElo "2338"]
[TimeControl "180+2"]
[EndTime "13:04:23 PST"]
[Termination "chessasuke won by resignation"]

1. e4 e6 2. d4 d5 3. Nc3 Nf6 4. e5 Nfd7 5. f4 c5 6. Nf3 Nc6 7. Be3 Be7 8. Qd2 O-O 9. O-O-O c4 10. f5 b5 11. f6 gxf6 12. Bh6 Re8 13. Qf4 Bf8 14.
Bxf8 Rxf8 15. Nxb5 fxe5 16. Nxe5 Ndxe5 17. dxe5 Qb6 18. Nd4 Rb8 19. Qg5+ Kh8 20. Qf6+ Kg8 21. Nxc6 Qxc6 22. Rd4 1-0

[Event "*** Titled Tuesday Blitz"]
[Site "Chess.com"]
[Date "2020.02.04"]
[Round "1"]
[White "Sven_Tica"]
[Black "HanSchut"]
[Result "1-0"]
[WhiteElo "2646"]
[BlackElo "2323"]
[TimeControl "180+2"]
[EndTime "13:04:39 PST"]
[Termination "Sven_Tica won by resignation"]

1. d4 Nf6 2. c4 g6 3. Nc3 d5 4. Bf4 Bg7 5. e3 c5 6. dxc5 Qa5 7. Rc1 dxc4 8. Bxc4 O-O 9. Ne2 Qxc5 10. Qb3 Qa5 11. O-O Nc6 12. Rfd1 Qb4 13. Nb5 Qxb3 14. Bxb3 e5 15.
Bg5 h6 16. Bxf6 Bxf6 17. Nd6 Na5 18. Bxf7+ Rxf7 19. Nxc8 Kg7 20. Nd6 Re7 21. Nc3 Rd8 22. Nce4 Red7 23. Ne8+ 1-0

[Event "*** Titled Tuesday Blitz"]
[Site "Chess.com"]
[Date "2020.02.04"]
[Round "1"]
[White "bait_or_mate"]
[Black "FredddieCroderg"]
[Result "1-0"]
[WhiteElo "2545"]
[BlackElo "2106"]
[TimeControl "180+2"]
[EndTime "13:04:41 PST"]
[Termination "bait_or_mate won by checkmate"]

1. d4 Nf6 2. c4 e6 3. Nf3 b6 4. g3 Bb7 5. Bg2 Be7 6. O-O O-O 7.
Re1 Bb4 8. Bd2 a5 9. a3 Bxd2 10. Nbxd2 c5 11. dxc5 bxc5 12. e4 d6 13. Qe2 e5 14.
Nh4 Nc6 15. Ndf3 g6 16. Rad1 Kg7 17. Qe3 h6 18. Rd2 Qe7 19. h3 Rfd8 20. Kh2 a4 21.
Red1 Ba6 22. Rc1 Rab8 23. Bf1 Nd7 24. Nf5+ gxf5 25. Nh4 Nd4 26. Rxd4 cxd4 27. Nxf5+ Kf8 28. Qxh6+ Ke8 29. Ng7+ Kf8 30. Ne6+ Ke8 31. Nc7# 1-0

[Event "*** Titled Tuesday Blitz"]
[Site "Chess.com"]
[Date "2020.02.04"]
[Round "1"]
[White "Genghis_K"]
[Black "Majkelopulos"]
[Result "0-1"]
[WhiteElo "2882"]
[BlackElo "2493"]
[TimeControl "180+2"]
[EndTime "13:04:42 PST"]
[Termination "Majkelopulos won by resignation"]

1. e4 e5 2. Nf3 Nc6 3. Nc3 g6 4.
d4 exd4 5. Nxd4 Bg7 6. Be3 Nf6 7.
f3 O-O 8. Qd2 Re8 9. O-O-O d5 10. exd5 Nxd5 11. Bg5 Qd6 12. Ndb5 Bxc3 13. bxc3 Qf8 14.
Qxd5 Be6 15. Qd3 a6 16. Nd4 Qa3+ 17. Kd2 Nxd4 18. cxd4 Qa5+ 19. Kc1 Qxg5+ 20. Kb2 Rad8 21. Qc3 c5 22. Bc4 Bxc4 23. Qxc4 cxd4 24. Rxd4 Rxd4 25. Qxd4 Qxg2 26. Rd1 Qxf3 27. h4 h5 28. a3 Re6 29.
Rd3 Qf6 30. Qxf6 Rxf6 31. Rd7 b6 0-1

[Event "*** Titled Tuesday Blitz"]
[Site "Chess.com"]
[Date "2020.02.04"]
[Round "1"]
[White "AndrewDGreen"]
[Black "olksuna"]
[Result "0-1"]
[WhiteElo "2207"]
[BlackElo "2577"]
[TimeControl "180+2"]
[EndTime "13:04:46 PST"]
[Termination "olksuna won by resignation"]

1. d4 Nf6 2. Nf3 d5 3. Bf4 e6 4. e3 c5 5. c3 Nc6 6. Nbd2 Nh5 7. Bg5 f6 8. Bh4 g6 9. h3 Be7 10. Bb5 O-O 11. g4 Ng7 12. Qe2 Bd7 13. Bg3 a6 14. Ba4 Nxd4 15. exd4 Bxa4 16. g5 fxg5 17. Be5 Bb5 18. c4 dxc4 19. Bxg7 Kxg7 20. Qe5+ Bf6 21. Qxc5 Rc8 22. Qb4 Bxd4 23. Nxd4 Qxd4 24. O-O g4 25. Rfe1 Qxf2+ 0-1

[Event "*** Titled Tuesday Blitz"]
[Site "Chess.com"]
[Date "2020.02.04"]
[Round "1"]
[White "PNEPaul"]
[Black "evgenyermolaev"]
[Result "0-1"]
[WhiteElo "1801"]
[BlackElo "2517"]
[TimeControl "180+2"]
[EndTime "13:05:02 PST"]
[Termination "evgenyermolaev won by resignation"]

1. e4 c5 2. Nf3 d6 3. d4 cxd4 4. c3 d3 5. Bxd3 g6 6. Bf4 Bg7 7. Qe2 Nf6 8. Na3 O-O 9. Rd1 Nc6 10. Bb1 Nd7 11. h4 Nde5 12. h5 Bg4 13. Qe3 Qb6 14.
Qxb6 axb6 15. Bxe5 Nxe5 16. Nxe5 Bxd1 17. Nd7 Rfd8 18.
Nxb6 Ra6 19. Kxd1 Rxb6 20. Nc4 Rb5 21. hxg6 hxg6 22. Kc2 d5 23. exd5 Rbxd5 24. Re1 b5 25. Nb6 Rd2+ 26. Kb3 Rxf2 27. Rxe7 Rdd2 28. Be4 Rxb2+ 29.
Ka3 Rxa2+ 30. Kb4 Bf8 0-1

[Event "*** Titled Tuesday Blitz"]
[Site "Chess.com"]
[Date "2020.02.04"]
[Round "1"]
[White "vugarrasulov"]
[Black "Region_07"]
[Result "1-0"]
[WhiteElo "2923"]
[BlackElo "2483"]
[TimeControl "180+2"]
[EndTime "13:05:03 PST"]
[Termination "vugarrasulov won by resignation"]

1. e4 Nc6 2. Nf3 d6 3. d4 Nf6 4. Nc3 g6 5. h3 Bg7 6. Be3 O-O 7. Qd2 e5 8. O-O-O Nd7 9. Bg5 f6 10. Be3 a6 11. Bc4+ Kh8 12. h4 Nb6 13. Bb3 Bg4 14. h5 gxh5 15. Ne2 f5 16. exf5 Rxf5 17. Nh4 Rf8 18.
f3 Bd7 19. g4 d5 20. gxh5 exd4 21. Nxd4 Qf6 22. h6 1-0

[Event "*** Titled Tuesday Blitz"]
[Site "Chess.com"]
[Date "2020.02.04"]
[Round "1"]
[White "johnathan113"]
[Black "cottage_cheese"]
[Result "1-0"]
[WhiteElo "2615"]
[BlackElo "2256"]
[TimeControl "180+2"]
[EndTime "13:05:04 PST"]
[Termination "johnathan113 won by resignation"]

1. e4 e5 2. Nf3 Nc6 3. d4 exd4 4. Nxd4 Bc5 5. Nb3 Bb6 6. Nc3 Nf6 7. Qe2 O-O 8. Bg5 h6 9. Bh4 a5 10. a4 Nd4 11.
Qd3 Nxb3 12. cxb3 Qe7 13. O-O-O Re8 14. f4 d6 15. Be2 Qe6 16. Bf3 Nd7 17. Nd5 Bc5 18.
Nxc7 1-0

[Event "*** Titled Tuesday Blitz"]
[Site "Chess.com"]
[Date "2020.02.04"]
[Round "1"]
[White "BrianEscalante"]
[Black "aa175"]
[Result "0-1"]
[WhiteElo "2586"]
[BlackElo "2265"]
[TimeControl "180+2"]
[EndTime "13:05:06 PST"]
[Termination "aa175 won by resignation"]

1. e4 c5 2. Nf3 d6 3. d4 cxd4 4. Nxd4 Nf6 5. f3 e6 6. c4 Nc6 7. Nc3 Be7 8. Be3 O-O 9. Qd2 d5 10. cxd5 exd5 11. exd5 Nxd5 12. Nxc6 bxc6 13. Nxd5 cxd5 14.
Bd3 Be6 15. O-O Rc8 16. Bd4 Bf6 17. Qf2 Bxd4 18. Qxd4 Qa5 19. a3 h6 20. Rac1 Kh8 21. h4 Qd2 22. Rxc8 Rxc8 23. Rf2 Qd1+ 24. Kh2 Bf5 25. Rf1 Qxd3 26. Qxd3 Bxd3 27. Rd1 Bc4 28. Rc1 Rb8 29. b4 a5 30. bxa5 Ra8 0-1

[Event "*** Titled Tuesday Blitz"]
[Site "Chess.com"]
[Date "2020.02.04"]
[Round "1"]
[White "albi1999"]
[Black "Anton_Demchenko"]
[Result "0-1"]
[WhiteElo "2498"]
[BlackElo "2969"]
[TimeControl "180+2"]
[EndTime "13:05:12 PST"]
[Termination "Anton_Demchenko won by resignation"]

1. d4 Nf6 2. c4 g6 3. Nf3 Bg7 4. g3 O-O 5. Bg2 d6 6. Nc3 Nbd7 7. O-O e5 8. e4 Re8 9. h3 exd4 10. Nxd4 Nc5 11.
Re1 Bd7 12. Bf4 h6 13. Qc2 Nh7 14. Rad1 Bxd4 15. Rxd4 Ne6 16. Rdd1 Nxf4 17. gxf4 Qh4 18. Qd2 Bxh3 19. Qe3 Bxg2 20. Kxg2 Qg4+ 21. Qg3 Qxg3+ 22.
fxg3 h5 23. Nd5 Rac8 24. Kf3 c6 25. Nc3 Rcd8 26. Re3 Kf8 27. Red3 Ke7 28. g4 hxg4+ 29. Kxg4 Nf6+ 30. Kg5 Rh8 31. f5 gxf5 32. e5 Rdg8+ 33. Kf4 Rg4+ 0-1

[Event "*** Titled Tuesday Blitz"]
[Site "Chess.com"]
[Date "2020.02.04"]
[Round "1"]
[White "Bathory44"]
[Black "VALPARAISO37"]
[Result "1-0"]
[WhiteElo "2594"]
[BlackElo "2244"]
[TimeControl "180+2"]
[EndTime "13:05:15 PST"]
[Termination "Bathory44 won by checkmate"]

1. e4 e5 2. Nf3 Nc6 3. Bb5 g6 4. d4 exd4 5. c3 dxc3 6. Nxc3 h6 7. O-O Bg7 8. Bd2 Nge7 9. Qc1 a6 10. Ba4 d6 11.
Nd5 Bd7 12. Re1 Rc8 13. Bb3 b5 14. a4 b4 15. a5 h5 16. Nxb4 Nxb4 17. Bxb4 O-O 18.
Bc3 Nc6 19. Bxg7 Kxg7 20. Bc4 Qf6 21. Bxa6 Ra8 22. Bb7 Rxa5 23. Rxa5 Nxa5 24. Qxc7 Qxb2 25. Bd5 Bg4 26. Qxa5 Bxf3 27. gxf3 Qe5 28. Qa1 Rb8 29. Qxe5+ dxe5 30. Kg2 Rb2 31. h3 f6 32. Rc1 f5 33.
Rc7+ Kf6 34. h4 Rb6 35. Rf7# 1-0

[Event "*** Titled Tuesday Blitz"]
[Site "Chess.com"]
[Date "2020.02.04"]
[Round "1"]
[White "mortngabriel"]
[Black "Raspadsistema"]
[Result "0-1"]
[WhiteElo "2425"]
[BlackElo "2806"]
[TimeControl "180+2"]
[EndTime "13:05:17 PST"]
[Termination "Raspadsistema won by checkmate"]

1. d4 d6 2. e4 Nf6 3. Nc3 e5 4. Nge2 Nbd7 5. h3 h5 6. g3 Be7 7. Bg2 c6 8. a4 b6 9. O-O O-O 10. Be3 a6 11. f4 Bb7 12. Kh2 Qc7 13. Rg1 Rfe8 14. Bf3 Bf8 15. g4 hxg4 16. hxg4 exd4 17. Nxd4 c5 18. Nf5 Nxe4 19. Nxe4 Bxe4 20. Bxe4 Rxe4 21. Qf3 Rae8 22. Rae1 d5 23. Ng3 R4e6 24. f5 Ne5 25. Qf4 Nxg4+ 26. Qxg4 Rxe3 27. Rxe3 Rxe3 28. Kh1 d4 29.
Nh5 Qc6+ 30. Rg2 Re1+ 31. Kh2 Bd6+ 32. Kh3 Rh1+ 33. Rh2 Rxh2# 0-1

[Event "*** Titled Tuesday Blitz"]
[Site "Chess.com"]
[Date "2020.02.04"]
[Round "1"]
[White "temus_galaktionov"]
[Black "PowerThinking2650"]
[Result "1-0"]
[WhiteElo "2716"]
[BlackElo "2381"]
[TimeControl "180+2"]
[EndTime "13:05:19 PST"]
[Termination "temus_galaktionov won by resignation"]

1. d4 Nf6 2. Nf3 g6 3. c4 Bg7 4. Nc3 O-O 5. e4 d6 6. Be2 e5 7.
O-O Nc6 8. d5 Ne7 9. Ne1 Nd7 10.
f3 f5 11. g4 Kh8 12. Be3 Ng8 13. Qd2 f4 14. Bf2 h5 15. h3 g5 16. Kg2 Ngf6 17. Nd3 Kg8 18. c5 Kf7 19. b4 Rh8 20. Rh1 Nf8 21.
cxd6 cxd6 22. Nb2 Ng6 23. Rac1 Bd7 24. Nb5 a6 25. Nxd6+ Kg8 26. Nxb7 Qf8 27. Nc4 hxg4 28. hxg4 Rxh1 29. Rxh1 Nxe4 30. fxe4 f3+ 31. Bxf3 Nf4+ 32. Kg1 Bb5 33. Nbd6 Rc8 34. Nxc8 Qxc8 35. Nd6 1-0

[Event "*** Titled Tuesday Blitz"]
[Site "Chess.com"]
[Date "2020.02.04"]
[Round "1"]
[White "allvim"]
[Black "MatthewG-p4p"]
[Result "0-1"]
[WhiteElo "2428"]
[BlackElo "2814"]
[TimeControl "180+2"]
[EndTime "13:05:20 PST"]
[Termination "MatthewG-p4p won by resignation"]

1. d4 Nf6 2. c4 c5 3. d5 e6 4. Nc3 exd5 5. cxd5 d6 6. Nf3 g6 7. h3 Bg7 8. Bf4 O-O 9. e3 Na6 10. Bc4 Nc7 11. O-O b6 12. Re1 a6 13. a4 Rb8 14.
Qe2 Re8 15. Rad1 Ne4 16. Nxe4 Rxe4 17. Nd2 Re8 18. b3 b5 19. axb5 axb5 20. Bd3 Nxd5 21. Bg3 Nc3 22. Qf1 Nxd1 23. Rxd1 Qb6 24. Be4 Bb7 25. Bxb7 Rxb7 26. Qd3 Qc6 27. Nf3 c4 28. bxc4 bxc4 29. Qxd6 Qxd6 30. Rxd6 Rc8 31. Rd1 c3 32. Kf1 c2 0-1

[Event "*** Titled Tuesday Blitz"]
[Site "Chess.com"]
[Date "2020.02.04"]
[Round "1"]
[White "TheRigos"]
[Black "DonBroca"]
[Result "1-0"]
[WhiteElo "2562"]
[BlackElo "2172"]
[TimeControl "180+2"]
[EndTime "13:05:26 PST"]
[Termination "TheRigos won by checkmate"]

1. e4 c5 2. Nf3 d6 3. d4 cxd4 4.
Nxd4 Nf6 5. Nc3 g6 6. Be3 Bg7 7. f3 Nc6 8. Qd2 O-O 9. Bc4 Bd7 10. O-O-O Rc8 11. Bb3 Ne5 12. Kb1 Nc4 13. Bxc4 Rxc4 14. g4 b5 15. h4 b4 16. Nce2 Qb8 17. h5 Rfc8 18. hxg6 fxg6 19. Rc1 a5 20. Ng3 a4 21. g5 Ne8 22. Qh2 h5 23. Nxh5 gxh5 24. Qxh5 Nc7 25. Qh7+ Kf8 26. g6 Ne6 27. Bh6 Bxh6 28. Qh8# 1-0

[Event "*** Titled Tuesday Blitz"]
[Site "Chess.com"]
[Date "2020.02.04"]
[Round "1"]
[White "Rud_Makarian"]
[Black "davigator"]
[Result "1-0"]
[WhiteElo "2612"]
[BlackElo "2259"]
[TimeControl "180+2"]
[EndTime "13:05:29 PST"]
[Termination "Rud_Makarian won by checkmate"]

1. e4 c5 2. Nf3 Nc6 3. Bb5 g6 4. O-O Bg7 5. Re1 Nf6 6. e5 Nd5 7. Nc3 Nc7 8. Bxc6 dxc6 9. d3 O-O 10. h3 h6 11. b3 b6 12. Bb2 Ne6 13. Ne4 a5 14. a4 Qd5 15. c4 Qd7 16. Qd2 Bb7 17. Rad1 Rad8 18. Qe3 Qc8 19. Nh2 Nd4 20. Bxd4 Rxd4 21.
f4 Qe6 22. Nf3 Rdd8 23. g3 Qxh3 24. Kf2 Qf5 25. Rg1 h5 26. Rg2 Bc8 27. Rdg1 Qd7 28. Ke2 Qg4 29. Nf2 Qd7 30. g4 hxg4 31. Nxg4 Qc7 32.
f5 Bxf5 33. Nh6+ Bxh6 34. Qxh6 Bxd3+ 35. Kf2 Bf5 36. Rh2 Rd2+ 37. Nxd2 Qxe5 38. Qh7# 1-0

[Event "*** Titled Tuesday Blitz"]
[Site "Chess.com"]
[Date "2020.02.04"]
[Round "1"]
[White "DonPreuss"]
[Black "BeanScreen"]
[Result "1/2-1/2"]
[WhiteElo "2211"]
[BlackElo "2560"]
[TimeControl "180+2"]
[EndTime "13:05:32 PST"]
[Termination "Game drawn by agreement"]

1. e4 e5 2. Nf3 Nc6 3. Bb5 a6 4. Bxc6 dxc6 5. O-O Qd6 6. d4 exd4 7. Qxd4 Qxd4 8. Nxd4 Bd7 9. Nc3 O-O-O 10. Nb3 Nf6 11. f3 c5 12. Be3 b6 13. a4 a5 14. Rad1 Bd6 15. Nd2 Rhe8 16. Nc4 Be6 17. Nxd6+ cxd6 18. Bg5 Kb7 19. Bxf6 gxf6 20. Nd5 Bxd5 21. Rxd5 Re5 22. Rfd1 Kc6 23. c4 Rd7 24. g4 Rd8 25. Kf2 Rd7 1/2-1/2

[Event "*** Titled Tuesday Blitz"]
[Site "Chess.com"]
[Date "2020.02.04"]
[Round "1"]
[White "hypert"]
[Black "iturrizaga"]
[Result "0-1"]
[WhiteElo "2470"]
[BlackElo "2873"]
[TimeControl "180+2"]
[EndTime "13:05:35 PST"]
[Termination "iturrizaga won by resignation"]

1. e4 c5 2. Nf3 e6 3. d4 cxd4 4. Nxd4 a6 5. Nc3 Qc7 6. Bd3 g6 7.
O-O Bg7 8. Nb3 Nc6 9. f4 Nge7 10. Kh1 f5 11. e5 O-O 12. a4 b6 13. Qe2 Bb7 14. Be3 Nb4 15. a5 bxa5 16. Nxa5 Nxd3 17.
Qxd3 Bd5 18. Nxd5 Nxd5 19. c4 Nb4 20. Qd2 Rab8 21. Rfd1 Rfd8 22. Qd6 Qxd6 23. Rxd6 Nc2 24. Rb1 Nxe3 25. Rxa6 Bf8 0-1

[Event "*** Titled Tuesday Blitz"]
[Site "Chess.com"]
[Date "2020.02.04"]
[Round "1"]
[White "MateSchmate"]
[Black "MITerryble"]
[Result "0-1"]
[WhiteElo "2496"]
[BlackElo "2949"]
[TimeControl "180+2"]
[EndTime "13:05:37 PST"]
[Termination "MITerryble won by resignation"]

1. e4 e6 2. d4 d5 3. Bd3 dxe4 4. Bxe4 Nf6 5. Bf3 Nbd7 6. Ne2 e5 7. O-O Bd6 8. Nbc3 O-O 9. Bg5 h6 10. Bh4 Re8 11. Bxf6 Nxf6 12. dxe5 Bxe5 13. Qxd8 Rxd8 14. Rad1 Re8 15. Nd4 c6 16. Rfe1 Bd7 17. Nb3 Bxc3 18. bxc3 Rxe1+ 19. Rxe1 Re8 20. Rd1 Bc8 21. Kf1 Kf8 22.
h3 Ke7 23. Na5 Rd8 24. Re1+ Kd6 25. Nc4+ Kc7 26. Re7+ Rd7 27. Rxd7+ Bxd7 28. Ne5 Be6 29. a3 Kd6 30. Nd3 Nd7 31. Ke2 Nb6 32. Nb2 Kc5 33. Kd3 Kb5 34. Kd4 Ka5 35. c4 f6 36.
c5 Nd7 37. Nd3 Ka4 38. c4 Kxa3 39. Kc3 Ne5 40. Nf4 Bf7 41. Be2 g5 42. Nd3 Nxc4 43.
Nb4 Ne5 44. Bd1 Bg6 45. Bb3 Nd7 46. Na2 Nxc5 47. Bg8 a5 48. g3 b5 49. f3 b4+ 50.
Kd2 Nb3+ 51. Bxb3 Kxb3 52. Nc1+ Kb2 53. Nd3+ Bxd3 0-1

[Event "*** Titled Tuesday Blitz"]
[Site "Chess.com"]
[Date "2020.02.04"]
[Round "1"]
[White "FelixJoseYnojosa"]
[Black "Simoncelli15"]
[Result "1-0"]
[WhiteElo "2652"]
[BlackElo "2328"]
[TimeControl "180+2"]
[EndTime "13:05:38 PST"]
[Termination "FelixJoseYnojosa won by resignation"]

1. e4 c6 2. c4 d5 3. cxd5 cxd5 4. exd5 Nf6 5. Bb5+ Nbd7 6. Nc3 g6 7. d4 Bg7 8. d6 e6 9. Nf3 O-O 10. Bf4 Nb6 11. O-O Nfd5 12. Be5 f6 13. Bg3 g5 14. Re1 Nf4 15. Ne4 h6 16. h4 Nbd5 17. hxg5 hxg5 18. Bc4 Rf7 19. Qb3 g4 20. Nfd2 f5 21. Bxf4 Nxf4 22.
Nc5 Bxd4 23. Nxe6 Nxe6 24. Rxe6 Kg7 25. Re2 Rf6 26. Rae1 Rxd6 27. Re7+ Kg6 28. Qg3 Rf6 29. Qh4 1-0

[Event "*** Titled Tuesday Blitz"]
[Site "Chess.com"]
[Date "2020.02.04"]
[Round "1"]
[White "Kimster98"]
[Black "kacprekt"]
[Result "1/2-1/2"]
[WhiteElo "2693"]
[BlackElo "2381"]
[TimeControl "180+2"]
[EndTime "13:05:39 PST"]
[Termination "Game drawn by repetition"]

1. Nf3 Nf6 2. c4 g6 3. g3 Bg7 4. Bg2 O-O 5. d4 d5 6. cxd5 Nxd5 7. O-O c5 8. e4 Nf6 9. e5 Nd5 10. dxc5 Nc6 11. Na3 Bg4 12. Qb3 e6 13. Qxb7 Ndb4 14. Qb5 Bxf3 15. Bxf3 Nd4 16. Qxb4 Nxf3+ 17. Kh1 Qd5 18.
Qb3 Qc6 19. Qb5 Qe4 20. Qc4 Qc6 21. Qb5 Qd5 22. Qc4 Qxe5 23. Kg2 Ne1+ 24. Kg1 Nf3+ 25. Kg2 Ne1+ 26. Kg1 Nf3+ 27. Kg2 1/2-1/2

[Event "*** Titled Tuesday Blitz"]
[Site "Chess.com"]
[Date "2020.02.04"]
[Round "1"]
[White "LogoCzar"]
[Black "RU_B9"]
[Result "1-0"]
[WhiteElo "2516"]
[BlackElo "1775"]
[TimeControl "180+2"]
[EndTime "13:05:39 PST"]
[Termination "LogoCzar won on time"]

1. e4 c5 2. Nf3 g6 3. d4 cxd4 4. Qxd4 Nf6 5. e5 Nc6 6. Qa4 Nd5 7. Qe4 Nb6 8. Nc3 d5 9. exd6 Bf5 10. Qe2 Bg7 11. Bf4 O-O 12. O-O-O exd6 13. Rxd6 Qc8 14. Qd2 Nb4 15. Nd4 Bxd4 16. Qxd4 Nxc2 17. Qf6 Re8 18. Bh6 Re1+ 19. Kd2 1-0

[Event "*** Titled Tuesday Blitz"]
[Site "Chess.com"]
[Date "2020.02.04"]
[Round "1"]
[White "LawrenceTrent"]
[Black "Playgood28"]
[Result "1-0"]
[WhiteElo "2624"]
[BlackElo "2269"]
[TimeControl "180+2"]
[EndTime "13:05:40 PST"]
[Termination "LawrenceTrent won by resignation"]

1. d4 f5 2. Nc3 d5 3. Bf4 e6 4. e3 Nf6 5. Nf3 Bd6 6. Bd3 O-O 7. O-O Ne4 8. Ne2 c5 9. c4 Nc6 10. cxd5 exd5 11. dxc5 Bxc5 12. Rc1 Bb6 13. Bb5 Ne7 14.
h3 a6 15. Ba4 Bd7 16. Bb3 Bb5 17. Re1 Bxe2 18. Rxe2 g5 19. Nxg5 Qd7 20. Nxe4 fxe4 21. Rd2 Rad8 22. Bg5 Rf5 23. Qg4 h5 24. Qg3 Kh7 25.
Qh4 Qe8 26. Bxe7 1-0

[Event "*** Titled Tuesday Blitz"]
[Site "Chess.com"]
[Date "2020.02.04"]
[Round "1"]
[White "JonahWillow"]
[Black "Der_Honigdachs"]
[Result "1-0"]
[WhiteElo "2752"]
[BlackElo "2403"]
[TimeControl "180+2"]
[EndTime "13:05:41 PST"]
[Termination "JonahWillow won by resignation"]

1. e4 e5 2. Nf3 Nc6 3. Nc3 Nf6 4.
Bb5 Bc5 5. O-O d6 6. d4 exd4 7. Nxd4 Bd7 8. Bxc6 bxc6 9. Bg5 h6 10. Bh4 g5 11. Bg3 Qe7 12. Re1 Ng4 13. Nf5 Bxf5 14.
exf5 Ne5 15. Ne4 Bb6 16. c4 O-O-O 17. Qa4 Kb7 18. b4 f6 19. Rab1 Rhe8 20. c5 dxc5 21. bxc5 Nd3 22. cxb6 Nxe1 23. bxa7+ 1-0